Map: Abyssal Reef LE

Players

SonOFAiur

  • Race: Terran Terran
  • League: Platinum
  • Spawn Location: 11:00

Juxtapose - Winner!

  • Race: Zerg Zerg
  • Spawn Location: 5:00

VOD

https://youtu.be/4c0AgibZ6K8

Description

This was another great match, and I'm really pleased with how my progress with Zerg is coming.

In this match, I apply a few things I've learned, such as:

- Expanding first to an expansion that's not my natural. I've noticed many opponents at my level do not scout beyond your natural in the early game. This let me have a "hidden" expansion for a greater length of time.
- I learned the value of Infestors. Instead of Hydralisks, I decided to go with Infestors for Fungal Growth and to create Infested Terrans in a pinch for anti-air. This worked fantastically.

I was also much more comfortable with my build, spending, and injects as well, at least until the end game when I focused more on the battles over macro.

I also got to use Brood Lords for the first time, which was fantastic!

Time

  • Played on: May 18, 2017, 8:05 p.m.
  • Length: 21:16
Show
View Real Time Build Order
Export as new Build Order

SonOFAiur Terran 

Build Orders: MMM Bio 

Get SALT Encoding   

  12  0:01  SCV  
  13  0:14  SCV  
  14  0:27  Supply Depot  
  14  0:32  SCV  
  15  0:38  Refinery  
  15  0:49  Barracks  
  15  0:53  SCV  
  16  1:05  SCV  
  17  1:17  SCV  
  18  1:29  SCV  
  19  1:36  Marine  
  19  1:38  Supply Depot  
  20  1:41  SCV  
  21  2:01  Marine  
  22  2:12  Factory  
  22  2:15  Orbital Command  
  22  2:16  Barracks  
  22  2:19  Marine  
  23  2:37  Marine  
  24  2:46  Refinery  
  24  2:53  SCV  
  24  2:55  Marine  
  26  3:05  SCV  
  27  3:15  Factory Reactor  
  27  3:16  Barracks Tech Lab  
  27  3:17  SCV  
  27  3:18  Command Center  
  28  3:24  Barracks Reactor  
  28  3:25  Starport  
  28  3:41  SCV  
  29  3:50  Stimpack  
  29  3:53  SCV  
  30  4:06  SCV  
  30  4:17  Starport Reactor  
  30  4:18  SCV  
  31  4:27  Supply Depot  
  31  4:29  Widow Mine x2  
  31  4:30  SCV  
  36  4:50  Orbital Command  
  36  4:54  Bunker  
  36  4:55  SCV  
  36  4:58  Widow Mine x2  
  41  5:07  SCV  
  42  5:19  SCV  
  43  5:26  Widow Mine x2  
  43  5:27  Supply Depot  
  47  5:38  SCV  
  47  5:39  SCV  
  49  5:50  Barracks  
  49  5:51  SCV x2  
  49  5:55  Widow Mine x2  
  49  5:57  Supply Depot  
  55  6:03  SCV x2  
  56  6:15  SCV x2  
  58  6:20  Supply Depot  
  58  6:27  SCV x2  
  60  6:46  Marine x3  
  63  6:57  Widow Mine x2  
  67  7:04  Marine x3  
  70  7:21  Marine  
  70  7:22  Marine x2  
  73  7:26  Medivac x2  
  77  7:30  Widow Mine  
  77  7:39  Marine  
  78  7:46  Engineering Bay  
  78  7:49  Engineering Bay  
  78  7:51  Supply Depot  
  78  7:52  Supply Depot  
  78  7:55  Supply Depot  
  78  7:57  Supply Depot  
  78  8:08  Barracks x2  
  78  8:10  Barracks, Medivac  
  78  8:11  Barracks  
  78  8:12  Medivac, Widow Mine x2, Marine x2  
  86  8:14  Supply Depot x2  
  86  8:18  Supply Depot  
  86  8:19  Supply Depot  
  86  8:30  Marine  
  87  8:38  Supply Depot  
  87  8:40  Widow Mine x2, Medivac  
  93  8:49  Missile Turret x2  
  93  8:54  SCV x2, Command Center  
  95  8:57  Barracks x2  
  95  9:06  SCV x2  
  95  9:09  Widow Mine, Missile Turret  
  99  9:10  Missile Turret  
  99  9:12  Missile Turret  
  99  9:13  Missile Turret  
  99  9:15  Missile Turret  
  99  9:18  SCV x2  
  101  9:30  SCV x2  
  103  9:45  Armory  
  103  9:47  Ghost Academy  
  103  9:49  Barracks Tech Lab  
  103  9:50  Barracks Tech Lab x4  
  103  9:52  Ghost Academy  
  103  9:57  Barracks Reactor  
  103  10:21  Barracks Tech Lab  
  103  10:23  Personal Cloaking  
  103  10:25  Nuke  
  103  10:36  Command Center  
  103  10:40  Command Center  
  103  10:51  Refinery  
  103  10:52  Marauder  
  103  10:53  Refinery, Marauder x6  
  117  10:58  Combat Shields  
  117  11:00  Concussive Shells  
  117  11:09  Planetary Fortress  
  117  11:14  Marauder x5  
  117  11:15  Marauder x2  
  131  11:35  Marauder  
  131  11:36  Widow Mine x2  
  131  11:38  Marauder  
  131  11:39  Marauder x5  
  149  11:53  Planetary Fortress  
  149  11:59  SCV x3  
  152  12:05  Widow Mine x2  
  156  12:10  Marauder  
  156  12:11  SCV x3, Marauder x3  
  167  12:23  SCV x3  
  170  12:53  Marauder x5  
  180  13:02  Refinery  
  180  13:07  Refinery  
  180  13:14  Planetary Fortress, Ghost x2, Missile Turret, Marauder  
  180  13:15  Marauder x2  
  190  13:20  Missile Turret x2  
  190  13:34  Barracks Tech Lab  
  190  13:35  Ghost x2  
  190  13:36  Terran Infantry Weapons Level 1, Terran Infantry Armor Level 1  
  194  13:43  Barracks Tech Lab, Missile Turret  
  194  13:51  Command Center  
  194  15:04  Marauder  
  194  15:05  Command Center, Marauder x2  
  200  15:30  Nuke x2  
  200  15:33  Terran Infantry Weapons Level 2, Terran Infantry Armor Level 2  
  200  15:42  Planetary Fortress  
  200  16:03  Command Center  
  200  16:30  Refinery  
  200  16:31  Refinery  
  192  17:03  Marine, Marauder  
  192  17:04  Marine x5  
  150  17:50  Marine, Marauder  
  150  17:51  Marauder x6  
  121  17:54  Marine  
  121  17:55  Marine x2  
  105  18:07  Marine  
  105  18:11  Marine  
  105  18:12  Marine, Marauder x7  
  117  18:13  Marine  
  119  18:25  Marine  
  120  18:29  Marine  
  120  18:30  Marine  
  120  18:31  Marine  
  120  18:33  Marauder  
  120  18:34  Marauder x6  
  131  18:43  Marine  
  131  18:47  Marine  
  125  18:48  Marine x2  
  125  18:54  Marauder  
  125  18:55  Marauder x6  
  125  19:01  Marine  
  123  19:05  Marine  
  123  19:06  Marine x2  
  118  19:16  Marauder x7  
  129  19:19  Marine  
  129  19:23  Marine  
  129  19:24  Marine x2  
  133  19:32  Viking x2  
  133  19:37  Marine x3, Marauder  
  133  19:38  Marauder x4  
  146  19:56  Marauder  
  146  20:02  Viking x2  
  143  20:22  Marine x11  
  154  20:31  Viking  
  154  20:32  Viking  
  158  20:39  Marine  
  158  20:40  Marine x7  
Show
View Real Time Build Order
Export as new Build Order

Juxtapose Zerg - Winner!

Build Orders: Pool First 

Get SALT Encoding   

  12  0:01  Drone  
  13  0:13  Overlord  
  13  0:17  Drone  
  14  0:33  Drone  
  15  0:38  Spawning Pool  
  14  0:43  Drone  
  14  0:49  Drone  
  16  0:55  Drone  
  17  0:57  Extractor  
  16  1:05  Drone  
  16  1:09  Overlord  
  17  1:24  Drone  
  18  1:28  Queen  
  20  1:42  Drone  
  20  1:45  Zergling x2  
  22  1:52  Drone  
  23  2:13  Drone x2  
  25  2:18  Hatchery  
  24  2:24  Drone  
  25  2:33  Overlord  
  25  2:54  Zergling x6  
  28  2:58  Extractor  
  27  3:14  Spine Crawler  
  27  3:16  Spine Crawler  
  27  3:17  Drone x2  
  27  3:32  Baneling Nest  
  27  3:33  Drone  
  27  3:34  Queen  
  27  3:36  Queen  
  27  3:38  Metabolic Boost  
  31  3:49  Drone x3  
  31  3:55  Drone x2  
  36  4:02  Spine Crawler  
  35  4:06  Drone  
  36  4:16  Drone x2  
  38  4:18  Overlord  
  38  4:27  Zergling x2  
  39  4:34  Drone  
  39  4:37  Drone  
  41  4:40  Overlord  
  41  4:54  Zergling x8  
  45  5:00  Zergling x2  
  45  5:01  Zergling x4  
  45  5:05  Queen  
  50  5:08  Lair  
  50  5:15  Baneling x2  
  50  5:16  Baneling x7  
  50  5:17  Baneling  
  50  5:41  Drone x5  
  50  5:42  Drone  
  56  6:03  Evolution Chamber  
  55  6:17  Pneumatized Carapace  
  55  6:21  Overseer  
  55  6:25  Overseer  
  55  6:29  Zerg Melee Weapons Level 1  
  55  6:35  Infestation Pit  
  55  6:36  Drone x4  
  55  6:37  Drone  
  59  6:40  Extractor  
  59  6:43  Extractor  
  56  7:10  Drone x3  
  56  7:13  Overlord  
  59  7:16  Overseer  
  58  7:38  Hive  
  58  7:46  Drone x3  
  61  8:23  Zerg Ground Armor Level 1  
  61  8:27  Hatchery  
  60  8:35  Overseer  
  60  8:41  Pathogen Glands  
  60  8:51  Drone x3  
  60  8:54  Extractor  
  62  8:57  Extractor  
  61  9:03  Overlord  
  61  9:09  Spire  
  60  9:16  Ultralisk Cavern  
  59  9:33  Spore Crawler  
  59  9:36  Spore Crawler  
  57  9:42  Drone  
  58  9:55  Overlord  
  58  10:01  Drone x2  
  58  10:04  Ultralisk x2  
  58  10:06  Chitinous Plating  
  72  10:07  Overlord  
  72  10:08  Overlord  
  72  10:11  Drone  
  73  10:26  Greater Spire  
  73  10:36  Ultralisk  
  73  10:37  Ultralisk x3  
  73  10:38  Overlord x2  
  73  10:39  Overlord x2  
  97  11:02  Drone x4  
  97  11:03  Drone  
  102  11:16  Ultralisk x2  
  114  11:21  Zerg Melee Weapons Level 2  
  114  11:41  Drone x4  
  118  11:48  Corruptor x3, Zerg Flyer Weapons Level 1  
  118  11:49  Corruptor  
  126  12:05  Infestor x2  
  130  12:20  Overlord x2  
  130  12:21  Overlord x2  
  130  12:30  Adrenal Glands  
  130  12:45  Infestor  
  132  12:52  Burrow  
  132  13:09  Hatchery  
  131  13:21  Corruptor, Ultralisk x2  
  145  13:36  Zerg Ground Armor Level 2  
  145  13:38  Neural Parasite  
  145  13:40  Infestor  
  147  13:52  Corruptor  
  149  14:08  Zergling x6  
  152  14:11  Zergling x14  
  152  14:12  Zergling x6  
  152  14:15  Overlord x2  
  152  14:16  Overlord x6  
  162  14:40  Corruptor x3  
  168  14:52  Drone x3  
  171  15:01  Extractor  
  171  15:04  Extractor  
  171  15:05  Overseer  
  169  15:43  Zergling x6  
  172  15:52  Zerg Melee Weapons Level 3  
  172  15:57  Ultralisk x10  
  172  16:00  Infestor x4  
  172  16:01  Drone x5  
  177  16:10  Zerg Flyer Armor Level 1  
  177  16:11  Corruptor x4  
  185  16:22  Baneling x10  
  185  16:48  Zergling x4  
  185  16:49  Zergling x14  
  193  17:16  Zergling x12  
  161  17:43  Zergling x12  
  161  17:44  Zergling x8  
  144  17:56  Zergling x2  
  144  17:57  Zergling x6  
  142  18:22  Corruptor x2, Ultralisk x5  
  142  18:23  Zergling x6  
  179  18:29  Zerg Ground Armor Level 3  
  179  18:31  Brood Lord  
  179  18:32  Brood Lord x3  
  179  18:33  Brood Lord  
  160  18:57  Zergling x12  
  164  19:12  Zergling x6  
  164  19:13  Zergling x6  
  154  19:35  Ultralisk x4  
  154  19:36  Ultralisk x2  
  190  20:03  Brood Lord x3  
  190  20:04  Brood Lord  
  194  20:18  Corruptor  
  194  20:19  Corruptor  
  185  20:56  Zergling x10  
  185  20:57  Zergling x14  
Tags
 
Composition
MMM Bio
League
Platinum
Matchup
TvZ
Opening
Pool First
Spawn Locations
Cross Positions
Add a new tag
Caveats
  • Supply blocks, unpowered buildings, or Contaminate may cause inaccurate times.
  • Supply counts are checked every 10 seconds.